 Dungeon Crawl Stone Soup version 0.23.0 (webtiles) character file.

Game seed: 17664137230179579262

417386 Masnef the Demonologist (level 22, -4/110 HPs)
             Began as a Felid Warper on Feb 12, 2019.
             Was the Champion of Ashenzari.
             Slain by a vault guard
             ... wielding a +0 glaive
              (21 damage)
             ... on level 5 of the Vaults on Feb 15, 2019.
             The game lasted 13:14:23 (131727 turns).

Masnef the Demonologist (Felid Warper)            Turns: 131727, Time: 13:14:23

Health: -4/110     AC:  8    Str: 11    XL:     22   Next: 58%
Magic:  2/45       EV: 34    Int: 23    God:    Ashenzari [******]
Gold:   2439       SH:  2    Dex: 18    Spells: 0/57 levels left
                                        Lives:  0   Deaths: 6

rFire    + . .     SeeInvis +     - Unarmed
rCold    + . .     Gourm    .   (shield unavailable)
rNeg     . . .     Faith    .   (armour unavailable)
rPois    .         Spirit   .   (helmet unavailable)
rElec    +         Reflect  +   (cloak unavailable)
rCorr    .         Harm     .   (gloves unavailable)
MR       +++..     Clarity  +   (boots unavailable)
Stlth    +++++++...             j - +2 amulet of reflection (curse)
HPRegen  0.28/turn              C - +5 ring of protection (curse)
MPRegen  0.29/turn              W - ring "Biaw" {*Drain rElec rF+ Str+4} (curse)

@: about to teleport, dragon's call, very slightly contaminated, hasted,
invisible, very quick
A: very small, no armour, no weapons or thrown items, stealth, claws 1, fangs 3,
camouflage 1, see invisible, agile 1, carnivore, dopey 1, speed 1, screaming 1,
shaggy fur 3, slow metabolism 1, sharp paws
}: 2/15 runes: decaying, gossamer
a: Curse Item, Scrying, Transfer Knowledge, Renounce Religion


You were on level 5 of the Vaults.
You worshipped Ashenzari.
Ashenzari was exalted by your worship.
You were very full.

You visited 11 branches of the dungeon, and saw 49 of its levels.
You visited the Abyss 1 time.
You visited 1 bazaar.
You visited 1 ziggurat, and saw 10 of its levels.
You also visited: Bailey.

You collected 8480 gold pieces.
You spent 6041 gold pieces at shops.

Inventory:

Jewellery
 a - the ring of Gozag's Anger {rPois rF+ Dex+7}
   (You took it off a yaktaur captain on level 5 of the Depths)

   [ring of protection from fire]

   It affects your dexterity (+7).
   It protects you from fire.
   It protects you from poison.
 j - a cursed +2 amulet of reflection (around neck)
 t - an uncursed ring of protection from magic
 v - an uncursed ring of protection from fire
 w - the ring "Kissuofi" {rN+ MR+ Stlth+}
   (You took it off a hell knight on level 3 of the Crypt)

   [ring of positive energy]

   It protects you from negative energy.
   It affects your resistance to hostile enchantments.
   It makes you more stealthy.
 y - the ring of Suahymog {rF- MR+ Int+7}
   (You found it on level 6 of a ziggurat)

   [ring of protection from magic]

   It affects your intelligence (+7).
   It makes you vulnerable to fire.
   It affects your resistance to hostile enchantments.
 z - an uncursed ring of poison resistance
 A - a +4 ring of dexterity
 C - a cursed +5 ring of protection (left paw)
 D - an uncursed ring of wizardry
 F - the ring "Utekhlusch" {rN+ Int+4}
   (You found it on level 3 of the Crypt)

   [ring of positive energy]

   It affects your intelligence (+4).
   It protects you from negative energy.
 Q - the ring of Dim Light {AC+3 Stlth+}
   (You found it on level 7 of a ziggurat)

   [ring of protection]

   It affects your AC (+3).
   It makes you more stealthy.
 R - the ring of the Crown {+Inv EV+2 Dex+7 Slay-3}
   (You took it off a deep elf annihilator on level 3 of the Elven Halls)

   [ring of evasion]

   It affects your evasion (+2).
   It affects your dexterity (+7).
   It affects your accuracy and damage with ranged weapons and melee attacks
   (-3).
   It lets you turn invisible.
 S - an uncursed ring of positive energy
 W - the cursed ring "Biaw" (right paw) {*Drain rElec rF+ Str+4}
   (You took it off a deep elf demonologist on level 3 of the Elven Halls)

   [ring of protection from fire]

   It affects your strength (+4).
   It protects you from fire.
   It insulates you from electricity.
   It causes draining when unequipped.
   It has a curse placed upon it.
Wands
 b - a wand of clouds (4)
 p - a wand of acid (30)
 s - a wand of paralysis (28)
 M - a wand of iceblast (20)
 P - a wand of disintegration (32)
 T - a wand of scattershot (20)
Scrolls
 d - 5 scrolls of teleportation
 o - 10 scrolls of magic mapping
 r - 15 scrolls of remove curse
 u - 5 scrolls of amnesia
 E - a scroll of fear
 G - 29 scrolls of identify
 H - 4 scrolls of holy word
 K - 4 scrolls of fog
Potions
 e - 2 potions of haste
 f - 3 potions of agility
 g - 9 potions of lignification
 h - a potion of ambrosia
 i - 7 potions of curing
 l - 3 potions of invisibility
 m - 7 potions of flight
 q - 7 potions of mutation
 x - 4 potions of brilliance
 B - 5 potions of berserk rage
 J - 3 potions of might
 L - 5 potions of cancellation
 V - a potion of magic
Miscellaneous
 k - a phantom mirror
 n - a lamp of fire
 I - 2 boxes of beasts
 N - a lightning rod (4/4)
Comestibles
 c - 50 rations
 O - 7 chunks of flesh


   Skills:
 * Level 18.3 Fighting
 + Level 19.0 Dodging
 - Level 13.4 Stealth
 - Level 10.0 Unarmed Combat
 - Level 18.0 Spellcasting
 - Level 1.2(3.9) Conjurations
 - Level 7.0(11.5) Hexes
 - Level 4.0(8.2) Charms
 - Level 22.6(26.0) Summonings
 - Level 5.5(10.0) Necromancy
 - Level 15.5(19.5) Translocations
 - Level 3.6(7.7) Earth Magic
 + Level 3.2(7.1) Evocations


You couldn't memorise any spells.
You knew the following spells:

 Your Spells              Type           Power        Failure   Level  Hunger
a - Shadow Creatures      Summ           N/A          0%          6    ####...
b - Invisibility          Hex            ######..     3%          6    ####...
c - Confuse               Hex            ######..     1%          3    None
d - Dazzling Spray        Conj/Hex       ######       1%          3    None
e - Blink                 Tloc           N/A          0%          2    None
f - Summon Forest         Summ/Tloc      #######...   0%          5    None
g - Borgnjor's Vile Clut  Necr/Erth      ######....   1%          5    None
h - Dragon's Call         Summ           #######...   6%          9    #######
i - Controlled Blink      Tloc           N/A          5%          8    #######
j - Malign Gateway        Summ/Tloc      #######...   1%          7    #####..
k - Regeneration          Chrm/Necr      ######....   1%          3    None
s - Shroud of Golubria    Chrm/Tloc      ######....   0%          2    None

Your spell library contained the following spells:

 Spells                   Type           Power        Failure   Level  Hunger
 Apportation              Tloc           ######       0%          1    None
 Summon Butterflies       Summ           #######.     0%          1    None
 Summon Small Mammal      Summ           ####         0%          1    None
 Call Imp                 Summ           #######.     0%          2    None
 Call Canine Familiar     Summ           #######.     0%          3    None
 Gell's Gravitas          Tloc           #######...   0%          3    None
 Lesser Beckoning         Tloc           #######...   0%          3    None
 Recall                   Summ/Tloc      N/A          0%          3    None
 Summon Guardian Golem    Hex/Summ       #######.     0%          3    None
 Teleport Other           Tloc           #######.     0%          3    None
 Passage of Golubria      Tloc           N/A          0%          4    None
 Aura of Abjuration       Summ           #######...   0%          5    None
 Summon Demon             Summ           #######...   0%          5    None
 Animate Skeleton         Necr           N/A          1%          1    None
 Beastly Appendage        Tmut           ###...       1%          1    None
 Confusing Touch          Hex            ######       1%          1    None
 Corona                   Hex            ######.      1%          1    None
 Flame Tongue             Conj/Fire      ####.        1%          1    None
 Freeze                   Ice            ###.         1%          1    None
 Magic Dart               Conj           ####         1%          1    None
 Pain                     Necr           ####         1%          1    None
 Sandblast                Erth           ######       1%          1    None
 Corpse Rot               Necr           N/A          1%          2    None
 Ensorcelled Hibernation  Hex/Ice        #####.       1%          2    None
 Passwall                 Tmut/Erth      #####...     1%          2    None
 Searing Ray              Conj           #####.       1%          2    None
 Slow                     Hex            ######..     1%          2    None
 Sublimation of Blood     Necr           ######....   1%          2    None
 Swiftness                Chrm/Air       #####...     1%          2    None
 Throw Flame              Conj/Fire      ####..       1%          2    None
 Throw Frost              Conj/Ice       ####..       1%          2    None
 Inner Flame              Hex/Fire       #####...     1%          3    None
 Ozocubu's Armour         Chrm/Ice       #####...     1%          3    None
 Stone Arrow              Conj/Erth      #####.       1%          3    None
 Tukima's Dance           Hex            ######..     1%          3    None
 Vampiric Draining        Necr           ######....   1%          3    None
 Animate Dead             Necr           N/A          1%          4    None
 Cause Fear               Hex            ######....   1%          4    None
 Force Lance              Conj/Tloc      ######..     1%          4    None
 Fulminant Prism          Conj/Hex       ######....   1%          4    None
 Summon Ice Beast         Ice/Summ       ######..     1%          4    None
 Summon Lightning Spire   Summ/Air       ######..     1%          4    None
 Agony                    Necr           ######..     1%          5    None
 Dispel Undead            Necr           ######..     1%          5    None
 Summon Mana Viper        Hex/Summ       #######.     1%          5    None
 Dispersal                Tloc           #######...   1%          6    ####...
 Haunt                    Necr/Summ      #######...   1%          7    #####..
 Monstrous Menagerie      Summ           #######...   1%          7    #####..
 Summon Greater Demon     Summ           #######...   1%          7    #####..
 Summon Horrible Things   Summ           #######...   1%          8    #######
 Poisonous Vapours        Pois/Air       ###...       2%          2    None
 Sticks to Snakes         Tmut           ###.....     2%          2    None
 Conjure Flame            Conj/Fire      ####....     2%          3    None
 Static Discharge         Conj/Air       ####....     2%          3    None
 Mephitic Cloud           Conj/Pois/Air  ####....     3%          3    None
 Bolt of Draining         Conj/Necr      ######....   3%          5    None
 Lee's Rapid Deconstruct  Erth           ######....   3%          5    None
 Darkness                 Hex            ######....   3%          6    ####...
 Iskenderun's Mystic Bla  Conj           #####...     4%          4    None
 Petrify                  Tmut/Erth      #####...     4%          4    None
 Spellforged Servitor     Conj/Summ      ######....   4%          7    #####..
 Ignite Poison            Fire/Tmut/Pois ###.....     5%          3    None
 Spider Form              Tmut/Pois      ###.......   5%          3    None
 Iskenderun's Battlesphe  Conj/Chrm      #####...     5%          5    None
 Silence                  Hex/Air        #####.....   5%          5    None
 Yara's Violent Unravell  Hex/Tmut       #####.....   5%          5    None
 Disjunction              Tloc           #######...   5%          8    #######
 Death Channel            Necr           ######....   6%          6    ####...
 Sticky Flame             Conj/Fire      ####....     10%         4    None
 Throw Icicle             Conj/Ice       ####....     10%         4    None
 Bolt of Magma            Conj/Fire/Erth #####.....   13%         5    None
 Airstrike                Air            ###.......   19%         4    None
 Ice Form                 Ice/Tmut       ###.....     19%         4    None
 Olgreb's Toxic Radiance  Pois           ###.....     19%         4    None
 Fireball                 Conj/Fire      ####......   26%         5    None
 Lightning Bolt           Conj/Air       ####......   26%         5    None
 Venom Bolt               Conj/Pois      ####......   26%         5    None
 Iron Shot                Conj/Erth      #####.....   34%         6    ####...
 Simulacrum               Ice/Necr       #####.....   38%         6    ####...
 Alistair's Intoxication  Tmut/Pois      ###.....     45%         5    None
 Blade Hands              Tmut           ###.......   45%         5    None
 Deflect Missiles         Chrm/Air       #####.....   52%         6    ####...
 Bolt of Fire             Conj/Fire      ####......   82%         6    ####...
 Conjure Ball Lightning   Conj/Air       ####......   82%         6    ####...
 Freezing Cloud           Conj/Ice/Air   ####......   88%         6    ####...
 Borgnjor's Revivificati  Necr           ######....   95%         8    #######
 Infestation              Necr           ######....   95%         8    #######
 Ring of Flames           Chrm/Fire      #####.....   98%         7    #####..
 Death's Door             Chrm/Necr      ######....   98%         8    #######
 Orb of Destruction       Conj           #####.....   99%         7    #####..
 Dragon Form              Tmut           ###.......   100%        7    #####..
 Ignition                 Fire           ###.......   100%        8    #######
 Necromutation            Tmut/Necr      #####.....   100%        8    #######
 Tornado                  Air            ###.......   100%        9    #######
 Portal Projectile        Hex/Tloc       Unusable     N/A         3    N/A
 Spectral Weapon          Hex/Chrm       Unusable     N/A         3    N/A
 Excruciating Wounds      Chrm/Necr      Unusable     N/A         5    N/A

Dungeon Overview and Level Annotations

Branches:
Dungeon (15/15)            Temple (1/1) D:4            Lair (6/6) D:9
  Swamp (4/4) Lair:4       Spider (4/4) Lair:3        Slime (0/5) Lair:5
    Orc (2/2) D:10            Elf (3/3) Orc:2        Vaults (5/5) D:14
  Crypt (3/3) Vaults:3       Tomb (1/3) Crypt:3      Depths (5/5) D:15
    Zot (0/5) Depths:5

Altars:
Ashenzari
Cheibriados
Dithmenos
Elyvilon
Fedhas
Gozag
Hepliaklqana
Kikubaaqudgha
Makhleb
Nemelex Xobeh
Okawaru
Qazlal
Ru
Sif Muna
Trog
Uskayaw
Vehumet
Wu Jian
Xom
Yredelemnul
Zin
The Shining One

Shops:
D:8 *   D:12 :   Orc:2 [*}!   Elf:1 (   Vaults:3 :   Depths:1 }=}   Depths:2 [
Depths:5 !%%

Portals:
Hell: Depths:1 Depths:2 Depths:3 Depths:4 Depths:5
Abyss: Depths:4
Pandemonium: Orc:2 Depths:1 Depths:2 Depths:3 Depths:4
Trove: D:10 (give 17 scrolls of teleportation)

Annotations:
Lair:3 exclusion: downstairs
Lair:4 exclusion: 2 oklob plants
Elf:2 2 transporters, Opsifuid's ghost, journeyman BaBe


Innate Abilities, Weirdness & Mutations

You cannot wear armour.
You are incapable of wielding weapons or throwing items.
Your paws allow you to move quietly. (Stealth)
You have sharp claws.
You have razor-sharp teeth.
You have supernaturally acute eyesight. (SInv)
You are carnivorous and can eat meat at any time.
You cover ground quickly.
Your thick and shaggy fur keeps you warm. (AC +3, rC+)
You have a slow metabolism.
Your sharp claws are effective at attacking unaware monsters.
Your skin changes colour to match your surroundings (Stealth+).
You are agile. (Dex +2)
You are dopey. (Int -2)
You occasionally shout uncontrollably at your foes.


Message History

Your golden dragon dies!
Your golden dragon's corpse disappears in a puff of smoke!
The yaktaur captain closely misses you.
Unknown command.
Unknown command.
Unknown command.
Unknown command.
Unknown command.
Unknown command.
Unknown command.
Unknown command.
You hear a shout!
Your eldritch tentacle slaps the emperor scorpion!
Your eldritch tentacle claws the emperor scorpion!
The war gargoyle hits your golden dragon but does no damage.
Your golden dragon closely misses the emperor scorpion.
Your golden dragon claws the emperor scorpion but does no damage.
Your golden dragon tramples the emperor scorpion but does no damage.
The vault guard hits you from afar with a +0 glaive!!
You die...

, * * ,* * ,, ##$....... , * *.#,
,* ,..##.....c... ,*, , .#)#
.#,#....##......... * ,
#.#.#.#.#♣..♣.♣♣{{....... , , *
#.♣.♣.♣[#D...♣#{{.....). , ,
,*,#c#N#.♣.....♣+♣{......( ,*,* ∆
, #.♣.♣p♣....♣.#♣#....## * *,
{*{*{♣.#.cOe...C...c#####
###########♣##Qc@((..(.(♣♣####* *
......((.[.[[9♣.≈≈c<<.........,{,
....)([.([.))sDXCD<)(<...e.... ,
...O.)...[(*w.(○°§(O<.........,
.......(p(.(([(○°D≈p.......... ,,
############♣♣♣#°.[♣..♣[#♣#######
,*{ ,* *, ,* .p..)))...X...X....
,* *∆*, ,*{ ,#.♣.#....♣.♣♣.C.....
, ,*∆{{ ,, ,#.#.♣.(♣.#..♣#......


You could see a tentacled monstrosity, an emperor scorpion shaped shifter, a
golden dragon, a fire giant, a tengu reaver, a yaktaur captain, a vault guard,
an ettin (fleeing), a salamander (fleeing), a war gargoyle, a deep elf high
priest (fleeing), 2 ironbrand convokers, 2 yaktaurs, 2 ogres, a friendly
eldritch tentacle and 2 friendly golden dragons.

Vanquished Creatures
  Sojobo (Vaults:3)
  Boris (Crypt:2)
  Margery (Vaults:2)
  2 caustic shrikes (Depths:4)
  A golden dragon (Depths:5)
  the Enchantress (Depths:3)
  A bone dragon (Crypt:3)
  A deep elf blademaster (Elf:3)
  A deep elf master archer (Elf:3)
  2 liches
  2 sphinxes
  An ancient champion (Crypt:2)
  A storm dragon (Depths:5)
  2 tengu reavers
  3 deep elf sorcerers (Elf:3)
  3 frost giants
  3 deep elf elementalists (Elf:3)
  A fire giant (Depths:2)
  5 vault wardens
  A curse skull (Crypt:1)
  2 emperor scorpions (Spider:4)
  12 ironheart preservers
  2 spriggan defenders (Depths:3)
  2 ghost moths (Spider:4)
  A war gargoyle (Crypt:3)
  A draconian annihilator (Depths:5)
  9 stone giants
  6 vampire knights
  5 very ugly things
  3 deep elf demonologists (Elf:3)
  2 entropy weavers
  A black draconian (Depths:5)
  A lorocyproca (Depths:3)
  A yellow draconian (Depths:5)
  3 deep elf annihilators (Elf:3)
  A white draconian (Depths:5)
  5 spark wasps
  4 ettins
  A merfolk javelineer (Depths:3)
  8 deep elf death magi
  3 jiangshi
  A crystal guardian (Vaults:4)
  Josephine (D:13)
  A blizzard demon (Depths:1)
  9 yaktaur captains
  4 fire dragons
  3 deep elf high priests (Elf:3)
  7 ogre magi
  4 vault guards
  A rakshasa (Depths:1)
  5 great orbs of eyes
  8 ice dragons
  5 hydras
  4 spriggan air magi
  5 centaur warriors
  2 alligators (Swamp:1)
  6 deep troll shamans
  23 dancing weapons
  18 two-headed ogres
  2 tengu warriors
  3 death knights
  3 deep troll earth magi
  A vampire mage (Depths:5)
  8 hell knights
  3 spriggan berserkers
  2 orc high priests (Orc:2)
  12 deep elf knights
  A sun demon (Depths:1)
  The ghost of iamserjio the Insei, a novice HuTm (D:6)
  13 skeletal warriors
  A swamp dragon (shapeshifter) (Depths:4)
  4 flayed ghosts
  6 swamp dragons
  An unseen horror (D:13)
  16 deep trolls
  2 wizards (Vaults:3)
  An anaconda zombie (Crypt:3)
  A deep troll (shapeshifter) (Vaults:2)
  6 harpies
  9 ironbrand convokers
  11 deep elf archers
  4 orc knights
  9 orb spiders
  52 deep elf magi
  5 necromancers
  An iron dragon zombie (Crypt:3)
  A stone giant zombie (Crypt:1)
  4 orc sorcerers
  2 phantasmal warriors (Crypt:1)
  12 wolf spiders
  A shadow dragon skeleton (Crypt:2)
  A salamander (Depths:1)
  An iron dragon skeleton (Crypt:2)
  2 salamanders (shapeshifter)
  7 ugly things
  2 cyclopes (D:15)
  11 slime creatures
  2 black mambas
  A manticore (D:15)
  2 torpor snails
  Joseph (D:8)
  An elephant (Lair:4)
  A moth of wrath (Swamp:4)
  11 vault sentinels
  2 centaur skeletons
  9 spiny frogs
  4 komodo dragons
  9 freezing wraiths
  38 yaktaurs
  A golden dragon simulacrum (Crypt:1)
  A green draconian skeleton (Crypt:2)
  A tengu conjurer (Depths:2)
  An ancient zyme (Abyss:3)
  A hellwing (Depths:3)
  A red devil (Depths:3)
  3 demonic crawlers (Spider:1)
  A meliai (shapeshifter) (Depths:4)
  A queen ant zombie (Crypt:2)
  A queen bee (D:10)
  A harpy zombie (Crypt:3)
  10 tyrant leeches
  A catoblepas skeleton (Crypt:2)
  A polar bear (Lair:5)
  16 jumping spiders
  12 hornets
  4 trolls
  8 hippogriffs
  A dream sheep (shapeshifter) (D:13)
  2 meliai zombies
  A hippogriff (shapeshifter) (Depths:5)
  4 bog bodies
  7 blink frogs
  18 flying skulls
  An ettin skeleton (Crypt:3)
  Sigmund (D:2)
  11 tarantellas
  24 redbacks
  A ynoxinul (Depths:3)
  An alligator zombie (Crypt:3)
  An air elemental (Elf:2)
  An ice dragon skeleton (Crypt:1)
  An alligator skeleton (Crypt:3)
  9 spriggans
  A shadow (Swamp:4)
  A hog (Swamp:3)
  2 fire elementals (Elf:3)
  An elf zombie (Depths:5)
  5 water elementals
  6 wyverns
  18 yaks
  2 wraiths (Crypt:1)
  2 basilisks
  A hog (shapeshifter) (Vaults:2)
  6 humans (D:14)
  2 hungry ghosts
  2 steam dragons (D:11)
  A chaos spawn (Depths:1)
  4 vampire mosquitoes
  A large abomination (Zig:9)
  3 wargs
  12 swamp worms
  18 soldier ants
  2 acid dragons
  A faun zombie (Crypt:1)
  10 water moccasins
  5 porcupines
  A floating eye (Depths:5)
  3 swamp drakes
  An eye of draining (D:8)
  17 orc warriors
  8 ice beasts
  A sky beast (D:9)
  4 black bears (Lair:6)
  A black bear (shapeshifter) (Depths:1)
  2 necrophages
  5 phantoms
  2 boggarts
  12 wolves (Lair:6)
  25 ogres
  2 centaurs
  14 crocodiles
  A blink frog skeleton (Crypt:2)
  Blork the orc (D:4)
  A big kobold (D:13)
  A salamander skeleton (Crypt:2)
  19 bullfrogs
  6 gnoll sergeants (Bailey)
  A spiny frog simulacrum (Crypt:1)
  2 earth elementals
  A wyvern skeleton (D:14)
  7 scorpions
  28 killer bees
  A troll skeleton (Crypt:1)
  6 howler monkeys
  6 wights
  9 crimson imps
  3 jellies
  A bullfrog zombie (D:9)
  3 quasits
  12 hounds
  14 orc priests
  2 bullfrog skeletons
  3 gnoll shamans (Bailey)
  Crazy Yiuf (D:7)
  2 iron imps
  23 orc wizards
  5 iguanas
  Jessica (D:3)
  Ijyb (D:3)
  Natasha (thrice) (D:2)
  Terence (D:2)
  24 worker ants
  A polar bear simulacrum (D:9)
  3 wolf simulacra (D:9)
  3 yak simulacra (D:9)
  A demigod skeleton (Crypt:1)
  An acid dragon skeleton (Crypt:1)
  2 hound skeletons
  2 howler monkey zombies
  22 adders
  13 gnolls
  4 shadow imps
  2 white imps (Depths:3)
  An ufetubus (Depths:3)
  An ooze (D:3)
  3 adder zombies
  3 adder skeletons
  6 worms
  2 dart slugs
  5 leopard geckos
  63 orcs
  8 giant cockroaches
  10 goblins
  10 hobgoblins
  14 jackals
  6 quokkas
  A ball python (D:4)
  7 bats
  8 frilled lizards
  13 kobolds
  2 quokka skeletons
  A quokka zombie (D:5)
  2 rats
  3 river rat simulacra (D:9)
  A fungus (Elf:3)
1283 creatures vanquished.

Vanquished Creatures (collateral kills)
  Mennas (Depths:5)
  An ancient lich (Crypt:3)
  Boris (twice) (Depths:3 Vaults:4)
  3 juggernauts
  Frederick (Vaults:3)
  2 caustic shrikes (Depths:4)
  Jory (Depths:5)
  2 golden dragons
  A bone dragon (Depths:5)
  3 Hell Sentinels (Zig:8)
  Rupert (D:13)
  5 tentacled monstrosities
  4 liches
  A titan (Vaults:5)
  A deep elf blademaster (Elf:2)
  A deep elf master archer (Elf:3)
  A sphinx (Depths:1)
  Kirke (Swamp:3)
  Agnes (D:15)
  5 thorn hunters
  3 shadow dragons (Depths:5)
  3 tengu reavers
  3 fire giants
  An iron dragon (Depths:4)
  A deep elf sorcerer (Vaults:5)
  The ghost of LLavrengius the Fighter, an adept OpTm of Gozag (D:15)
  2 ghost moths (Spider:4)
  7 vault wardens
  2 emperor scorpions
  A draconian knight (Depths:5)
  3 frost giants
  A curse skull (Crypt:2)
  A ghost moth (shapeshifter) (Vaults:5)
  5 ironheart preservers
  An orc warlord (Orc:2)
  4 deep elf elementalists
  3 spriggan defenders
  2 ghouls
  5 entropy weavers
  3 very ugly things
  13 stone giants
  6 war gargoyles
  5 vampire knights
  3 deep elf annihilators
  2 deep elf demonologists
  A black draconian (Depths:5)
  Nessos (Orc:2)
  2 ettins (shapeshifter)
  2 spark wasps (Spider:4)
  6 ettins
  4 crystal guardians
  2 merfolk javelineers
  2 green deaths (Swamp:4)
  A death ooze (Swamp:4)
  2 deep elf death magi
  The ghost of H0rd4k the Slicer, a journeyman HuAr of Gozag (Orc:2)
  5 jiangshi
  15 yaktaur captains
  2 deep elf high priests
  A quicksilver dragon skeleton (Crypt:2)
  10 ogre magi
  4 great orbs of eyes
  7 fire dragons
  A shambling mangrove (Swamp:1)
  A monstrous demonspawn (Depths:1)
  26 vault guards
  8 hydras
  2 rakshasas
  6 ice dragons
  A catoblepas (Lair:4)
  3 hell beasts
  3 ghost crabs
  6 alligators
  3 death knights
  A centaur warrior (Vaults:1)
  32 two-headed ogres
  A queen ant (Spider:1)
  3 tengu warriors
  A death yak (Lair:4)
  A hell hog (Zig:9)
  3 vampire magi
  2 deep troll shamans
  Urug (Lair:2)
  4 deep troll earth magi
  10 dancing weapons
  9 spriggan berserkers
  A shock serpent (shapeshifter) (Depths:4)
  A storm dragon zombie (Crypt:2)
  2 naga sharpshooters (Zig:5)
  2 iron golems (Zig:8)
  4 orc high priests (Orc:2)
  11 deep elf knights
  A wretched star (Zig:9)
  12 deep trolls
  9 hell knights
  A golden dragon zombie (Crypt:3)
  A shadow wraith (Vaults:4)
  A fire crab (Lair:6)
  A flayed ghost (Crypt:2)
  25 skeletal warriors
  A storm dragon skeleton (Crypt:3)
  5 swamp dragons
  4 unseen horrors (Depths:4)
  A sea snake (shapeshifter) (Zig:7)
  An orange crystal statue (Zig:10)
  9 deep elf archers
  3 glowing orange brains
  A ghost moth zombie (Crypt:2)
  8 large abominations
  2 wizards (D:14)
  2 golden dragon skeletons
  An infernal demonspawn (Orc:2)
  5 ironbrand convokers
  A harpy (Vaults:2)
  An iron dragon zombie (Crypt:2)
  8 phantasmal warriors
  24 ugly things
  A faun (shapeshifter) (Zig:7)
  10 necromancers
  24 deep elf magi
  6 orb spiders
  17 wolf spiders
  11 orc knights
  3 cyclopes
  8 orc sorcerers
  A moth of wrath (Spider:3)
  A black mamba (Lair:3)
  9 elephants (Lair:4)
  A dire elephant zombie (Crypt:3)
  4 rust devils
  An ice statue (Zig:10)
  A centaur skeleton (D:15)
  2 torpor snails
  4 spiny frogs
  8 vault sentinels
  2 gargoyles (Zig:8)
  A rime drake (shapeshifter) (Depths:5)
  2 rime drakes
  4 komodo dragons
  A komodo dragon (shapeshifter) (Vaults:3)
  16 demonic crawlers
  5 orange demons
  3 freezing wraiths
  31 yaktaurs
  An efreet (D:14)
  3 ancient zymes (Zig:9)
  A red devil (Depths:5)
  A catoblepas skeleton (Crypt:1)
  An ice devil (Orc:2)
  8 small abominations
  2 tengu conjurers
  2 trolls
  A polar bear (Lair:6)
  23 hornets
  26 jumping spiders
  5 bog bodies
  12 blink frogs
  12 tyrant leeches
  A hydra skeleton (Crypt:2)
  26 slime creatures
  2 starcursed masses (Zig:9)
  A ynoxinul (Depths:1)
  2 air elementals
  10 tarantellas
  18 spriggans
  A shadow (Swamp:3)
  8 water elementals
  10 flying skulls
  53 redbacks
  6 wraiths
  5 chaos spawn
  46 yaks
  A fire dragon skeleton (Crypt:2)
  2 hogs (Swamp:3)
  3 neqoxecs (Zig:9)
  A basilisk (Lair:6)
  8 humans (D:14)
  20 vampire mosquitoes
  2 wargs
  8 swamp worms
  13 insubstantial wisps (Swamp:4)
  9 soldier ants (Spider:1)
  A hell hound (Depths:5)
  3 water moccasins
  A floating eye (Depths:5)
  3 swamp drakes
  2 ice beasts
  3 porcupines
  A spiny frog skeleton (Crypt:3)
  33 orc warriors
  3 necrophages (Crypt:3)
  A black bear (Lair:6)
  3 boggarts (Lair:6)
  16 ogres
  2 crocodiles
  6 wolves (Lair:6)
  2 big kobolds
  2 bullfrogs
  3 gnoll sergeants
  4 earth elementals
  A wyvern zombie (D:13)
  An elf skeleton (Crypt:2)
  A killer bee (D:13)
  5 wights (D:15)
  A spectral ogre (Orc:2)
  A human simulacrum (Vaults:1)
  An electric eel (D:13)
  A wolf zombie (Crypt:1)
  A bullfrog zombie (D:13)
  3 gnoll shamans (Bailey)
  12 orc priests
  2 hounds (D:13)
  A jelly (D:10)
  A warg simulacrum (Orc:2)
  21 orc wizards
  2 spectral orcs (Orc:2)
  13 worker ants
  8 gnolls
  An ogre simulacrum (Orc:2)
  A swamp drake zombie (Crypt:1)
  43 orcs
  An orc simulacrum (Orc:2)
  5 kobolds
  2 briar patches
  8 fungi
  18 plants
  2 snaplasher vines
1241 creatures vanquished.

Vanquished Creatures (others)
  A tentacled monstrosity (Vaults:5)
  3 eldritch tentacles
  2 vault wardens
  A spriggan air mage (Depths:5)
  2 deep elf knights
  A flayed ghost (Crypt:2)
  2 deep elf magi
  An ironbrand convoker (Vaults:4)
  A yaktaur (Vaults:5)
  4 tyrant leeches (Swamp:4)
  A wind drake (shapeshifter) (Zig:3)
  A spriggan (Swamp:4)
  A flying skull (Crypt:2)
  A tarantella (Spider:1)
  A fire elemental (Elf:1)
  A human (Swamp:3)
  4 briar patches
  8 fungi
  31 plants
  50 snaplasher vines
117 creatures vanquished.

Grand Total: 2641 creatures vanquished

Notes
Turn   | Place    | Note
-------+----------+-------------------------------------------
     0 | D:1      | Masnef the Felid Warper began the quest for the Orb.
     0 | D:1      | Reached XP level 1. HP: 9/9 MP: 4/4
    47 | D:1      | Reached skill level 1 in Stealth
   143 | D:1      | You fall through a shaft!
   292 | D:2      | Reached XP level 2. HP: 13/13 MP: 6/6
   653 | D:1      | Reached XP level 3. HP: 15/16 MP: 7/7
  1579 | D:2      | Learned a level 2 spell: Blink
  1583 | D:2      | Learned a level 3 spell: Gell's Gravitas
  1633 | D:2      | Noticed Terence
  1722 | D:2      | Killed Terence
  1722 | D:2      | Reached XP level 4. HP: 14/19 MP: 8/8
  1928 | D:2      | Learned a level 2 spell: Ensorcelled Hibernation
  1953 | D:2      | Noticed Sigmund
  1960 | D:2      | Reached skill level 1 in Hexes
  2267 | D:3      | Noticed Jessica
  2281 | D:3      | Killed Jessica
  2281 | D:3      | Reached XP level 5. HP: 22/22 MP: 6/9
  2655 | D:2      | Noticed Natasha
  2656 | D:2      | Killed Natasha
  2743 | D:2      | Noticed Natasha
  2750 | D:2      | Killed Natasha
  2750 | D:2      | Reached skill level 5 in Hexes
  2972 | D:2      | Noticed Natasha
  2981 | D:2      | Killed Natasha
  3375 | D:2      | Killed Sigmund
  3375 | D:2      | Gained mutation: You are covered in thick fur. (AC +2)
                  | [Felid growth]
  3375 | D:2      | Reached XP level 6. HP: 20/26 MP: 8/10
  4388 | D:3      | Reached skill level 5 in Stealth
  4388 | D:3      | Reached XP level 7. HP: 27/30 MP: 11/11
  4393 | D:3      | Learned a level 3 spell: Confuse
  4516 | D:3      | Noticed Ijyb
  4551 | D:3      | Killed Ijyb
  4792 | D:4      | Slain by an ogre
  4793 | D:4      | Reached XP level 6. HP: 0/26 MP: 8/11
  4795 | D:4      | Found a staircase to the Ecumenical Temple.
  4796 | D:4      | Noticed Blork the orc
  5302 | D:4      | Reached XP level 7. HP: 30/30 MP: 12/12
  5573 | D:4      | Learned a level 2 spell: Shroud of Golubria
  5976 | Temple   | Entered the Ecumenical Temple
  6126 | D:5      | Entered Level 5 of the Dungeon
  6132 | D:5      | Found a shadowy altar of Dithmenos.
  6160 | D:5      | Reached skill level 5 in Dodging
  6516 | D:5      | Reached skill level 5 in Unarmed Combat
  6702 | D:4      | Found a staircase to the Ecumenical Temple.
  6832 | D:4      | Killed Blork the orc
  7986 | D:5      | Found a basalt altar of Yredelemnul.
  8043 | D:5      | Reached XP level 8. HP: 34/34 MP: 10/14
  8730 | D:6      | Noticed a +0 hand axe
  8731 | D:6      | Noticed a +0 hand axe
  8836 | D:6      | Found a hide-covered altar of Uskayaw.
  8845 | D:6      | Found a bloodstained altar of Trog.
  8847 | D:6      | Identified Ubufi's Compendium of Assistive Earth
  8890 | D:6      | Found a shattered altar of Ashenzari.
  8898 | D:6      | Became a worshipper of Ashenzari the Shackled
  9199 | D:6      | Found a runed translucent door.
  9320 | D:6      | Reached XP level 9. HP: 39/39 MP: 7/16
  9406 | D:6      | Reached skill level 1 in Charms
  9576 | D:6      | Found a hazy altar of Hepliaklqana.
  9577 | D:6      | Found a shimmering altar of Xom.
  9578 | D:6      | Noticed a spectral ugly thing
  9709 | D:6      | Found a glowing silver altar of Zin.
  9709 | D:6      | Found a burning altar of Makhleb.
  9714 | D:6      | Found a faded altar of an unknown god.
  9717 | D:6      | Found a radiant altar of Vehumet.
  9723 | D:6      | Found an ornate altar of the Wu Jian Council.
  9758 | D:6      | Reached skill level 5 in Translocations
  9817 | D:6      | Noticed iamserjio's ghost (novice HuTm)
 10098 | D:6      | Found a hazy altar of Hepliaklqana.
 10099 | D:6      | Found a shimmering altar of Xom.
 10112 | D:6      | Found a bloodstained altar of Trog.
 10166 | D:6      | Found a hide-covered altar of Uskayaw.
 10198 | D:6      | Killed iamserjio's ghost
 10198 | D:6      | Reached skill level 5 in Fighting
 10198 | D:6      | Reached skill level 5 in Spellcasting
 10215 | D:6      | Found a shattered altar of Ashenzari.
 10345 | D:6      | Found a glowing silver altar of Zin.
 10345 | D:6      | Found a burning altar of Makhleb.
 10350 | D:6      | Found a faded altar of an unknown god.
 10352 | D:6      | Found a radiant altar of Vehumet.
 10354 | D:6      | Found an ornate altar of the Wu Jian Council.
 10884 | D:7      | Found a runed translucent door.
 10885 | D:7      | Noticed Crazy Yiuf
 10892 | D:7      | Killed Crazy Yiuf
 10916 | D:7      | Identified the Incunabulum of the Entourage
 11934 | D:7      | Learned a level 3 spell: Dazzling Spray
 11998 | D:8      | Reached * piety under Ashenzari
 12102 | D:8      | Reached XP level 10. HP: 39/44 MP: 16/19
 12187 | D:8      | Reached skill level 10 in Stealth
 12417 | D:8      | Reached skill level 1 in Evocations
 12425 | D:8      | Learned a level 5 spell: Summon Mana Viper
 12538 | D:8      | Noticed Joseph
 12615 | D:8      | Found Legepali's General Store.
 12623 | D:8      | Bought a potion of heal wounds for 60 gold pieces
 12623 | D:8      | Bought a scroll of amnesia for 42 gold pieces
 12623 | D:8      | Bought a scroll of summoning for 114 gold pieces
 12950 | D:8      | Killed Joseph
 12950 | D:8      | Reached skill level 1 in Conjurations
 13129 | D:9      | Reached ** piety under Ashenzari
 13174 | D:9      | Reached skill level 1 in Summonings
 13299 | D:9      | Found a staircase to the Lair.
 13315 | D:9      | Noticed a necromancer
 13937 | D:9      | Reached skill level 2 in Summonings
 14160 | D:9      | Found an ancient bone altar of Kikubaaqudgha.
 14166 | D:9      | Found a blossoming altar of Fedhas.
 14333 | D:9      | Killed a necromancer
 14901 | D:10     | Entered Level 10 of the Dungeon
 14912 | D:10     | Reached XP level 11. HP: 39/49 MP: 9/21
 14996 | D:10     | Reached skill level 3 in Summonings
 15020 | D:10     | Found a flagged portal.
 15039 | Bailey   | Entered a bailey
 17006 | D:10     | Found a portal to a secret trove of treasure.
 17051 | D:10     | Reached skill level 10 in Dodging
 17399 | D:10     | Found a staircase to the Orcish Mines.
 17506 | D:11     | Reached *** piety under Ashenzari
 17824 | D:11     | Reached skill level 4 in Summonings
 18511 | D:12     | Noticed a four-headed hydra
 18521 | D:12     | Killed a four-headed hydra
 19062 | D:12     | Found a stormy altar of Qazlal.
 19161 | D:12     | Found Duopnuj's Book Boutique.
 19161 | D:12     | Noticed a red ugly thing
 19177 | D:12     | Killed a red ugly thing
 19489 | D:12     | Bought a book of Summonings for 840 gold pieces
 19515 | D:12     | Reached **** piety under Ashenzari
 19689 | D:12     | Noticed a skeletal warrior
 19690 | D:12     | Noticed a skeletal warrior
 19690 | D:12     | Noticed a skeletal warrior
 19718 | D:12     | Killed a skeletal warrior
 19718 | D:12     | Reached skill level 5 in Summonings
 19740 | D:12     | Killed a skeletal warrior
 19997 | D:12     | Killed a skeletal warrior
 19997 | D:12     | Gained mutation: Your thick and shaggy fur keeps you warm.
                  | (AC +3, rC+) [Felid growth]
 19997 | D:12     | Reached XP level 12. HP: 44/55 MP: 1/23
 20323 | Lair:1   | Entered Level 1 of the Lair of Beasts
 20329 | Lair:1   | Noticed a seven-headed hydra
 20335 | Lair:1   | Killed a seven-headed hydra
 20468 | Lair:1   | Learned a level 5 spell: Summon Forest
 21144 | Lair:2   | Noticed Urug
 21634 | Lair:2   | Killed Urug
 21634 | Lair:2   | Reached skill level 6 in Summonings
 22118 | Lair:2   | Reached ***** piety under Ashenzari
 23299 | Lair:3   | Found a hole to the Spider Nest.
 23699 | Lair:4   | Found a staircase to the Swamp.
 24109 | Swamp:1  | Entered Level 1 of the Swamp
 24168 | Lair:4   | Reached skill level 7 in Summonings
 24268 | Lair:4   | Noticed a catoblepas
 24285 | Lair:4   | Killed a catoblepas
 24504 | Lair:4   | Reached XP level 13. HP: 60/60 MP: 26/26
 24637 | Lair:4   | Learned a level 6 spell: Shadow Creatures
 25164 | Lair:5   | Identified the Volume of Feathery Fire
 25375 | Lair:5   | Reached skill level 10 in Unarmed Combat
 25516 | Lair:5   | Reached skill level 8 in Summonings
 25551 | Lair:5   | Found a staircase to the Slime Pits.
 26184 | Lair:6   | Entered Level 6 of the Lair of Beasts
 26187 | Lair:6   | Reached ****** piety under Ashenzari
 26329 | Lair:6   | Reached skill level 9 in Summonings
 28225 | Lair:6   | Reached skill level 10 in Fighting
 29107 | Orc:1    | Entered Level 1 of the Orcish Mines
 29991 | Orc:2    | Entered Level 2 of the Orcish Mines
 29995 | Orc:2    | Noticed Nessos
 30150 | Orc:2    | Noticed an orc warlord
 30516 | D:12     | Bought a book of Party Tricks for 600 gold pieces
 31817 | Orc:2    | Killed an orc warlord
 32007 | Orc:2    | Found a runed translucent gate.
 32008 | Orc:2    | Found a runed translucent gate.
 32009 | Orc:2    | Found a runed translucent gate.
 32010 | Orc:2    | Noticed H0rd4k's ghost (journeyman HuAr)
 32039 | Orc:2    | Killed Nessos
 32039 | Orc:2    | Reached skill level 10 in Spellcasting
 32039 | Orc:2    | Reached XP level 14. HP: 66/66 MP: 3/29
 32160 | Orc:1    | Learned a level 6 spell: Invisibility
 32600 | Orc:2    | Found a staircase to the Elven Halls.
 32805 | Orc:2    | Found Toigeyv's General Store.
 33001 | Orc:2    | Found Taufulil's Distillery.
 33550 | Orc:2    | Bought a potion of magic for 112 gold pieces
 33579 | Orc:2    | Reached skill level 10 in Summonings
 35967 | Orc:2    | Gained mutation: Your magical capacity is low. (-10% MP) [a
                  | neqoxec]
 36154 | Orc:2    | Found Vuuleg's Gadget Shoppe.
 36154 | Orc:2    | Found Rimewin's Antique Armour Emporium.
 36154 | Orc:2    | Found a one-way gate leading to the halls of Pandemonium.
 36167 | Orc:2    | Reached skill level 11 in Summonings
 36329 | Orc:2    | Killed H0rd4k's ghost
 36696 | Swamp:1  | Noticed a thorn hunter
 36716 | Swamp:1  | HP: 3/66 [alligator (11)]
 36717 | Swamp:1  | Killed a thorn hunter
 37361 | Orc:2    | Bought a potion of heal wounds for 80 gold pieces
 38094 | Spider:1 | Entered Level 1 of the Spider Nest
 38238 | Spider:1 | Noticed an emperor scorpion
 38269 | Spider:1 | Killed an emperor scorpion
 38405 | Spider:1 | Reached skill level 12 in Summonings
 38412 | Spider:1 | Noticed an entropy weaver
 38459 | Spider:1 | Killed an entropy weaver
 38777 | Spider:1 | Noticed an entropy weaver
 38791 | Spider:1 | Killed an entropy weaver
 39913 | D:13     | Reached skill level 13 in Summonings
 40082 | D:13     | Noticed Rupert
 40363 | D:13     | Paralysed by Rupert for 6 turns
 40382 | D:13     | Killed Rupert
 41285 | D:13     | Noticed Josephine
 41318 | D:13     | Reached XP level 15. HP: 70/70 MP: 15/27
 41332 | D:13     | Killed Josephine
 42462 | D:14     | Reached skill level 14 in Summonings
 43259 | D:14     | Found a gate to the Vaults.
 43310 | D:15     | Entered Level 15 of the Dungeon
 44218 | D:15     | Found a staircase to the Depths.
 44218 | D:15     | Noticed a frost giant
 44494 | D:15     | Killed a frost giant
 44830 | D:15     | Noticed Agnes
 44897 | D:15     | HP: 3/70 [Agnes/+6 lajatang of protection (33)]
 46811 | Spider:2 | Reached skill level 15 in Summonings
 50274 | Spider:3 | Reached skill level 16 in Summonings
 51381 | Spider:4 | Entered Level 4 of the Spider Nest
 52274 | Spider:4 | Reached XP level 16. HP: 44/75 MP: 9/28
 55790 | Spider:4 | Reached skill level 17 in Summonings
 56727 | Spider:4 | Got a gossamer rune of Zot
 58139 | Swamp:2  | Noticed a thorn hunter
 58263 | Swamp:2  | Killed a thorn hunter
 59252 | Swamp:3  | Noticed Kirke
 59780 | Swamp:3  | Noticed a thorn hunter
 60352 | Swamp:3  | Slain by a spectral alligator snapping turtle
 60353 | Swamp:3  | Reached XP level 15. HP: -5/72 MP: 27/27
 60559 | Swamp:4  | Entered Level 4 of the Swamp
 60740 | Swamp:3  | Noticed a thorn hunter
 60938 | Swamp:3  | Killed Kirke
 61103 | Swamp:3  | Killed a thorn hunter
 61313 | Swamp:3  | Killed a thorn hunter
 61772 | Swamp:4  | Noticed a thorn hunter
 62741 | Swamp:4  | Killed a thorn hunter
 64244 | Swamp:4  | Reached skill level 18 in Summonings
 65111 | Swamp:4  | Reached XP level 16. HP: 76/76 MP: 12/28
 66313 | Swamp:4  | Got a decaying rune of Zot
 66737 | D:15     | Killed Agnes
 67320 | D:15     | Found a runed translucent gate.
 67322 | D:15     | Found a runed translucent gate.
 67323 | D:15     | Found a runed translucent gate.
 67323 | D:15     | Noticed LLavrengius's ghost (adept OpTm)
 67561 | D:15     | Killed LLavrengius's ghost
 67805 | Orc:2    | Bought a potion of mutation for 128 gold pieces
 67805 | Orc:2    | Bought a scroll of identify for 32 gold pieces
 67805 | Orc:2    | Bought a potion of haste for 160 gold pieces
 67805 | Orc:2    | Bought a scroll of identify for 32 gold pieces
 67807 | Orc:2    | Bought a potion of magic for 112 gold pieces
 67807 | Orc:2    | Bought a potion of curing for 42 gold pieces
 67807 | Orc:2    | Bought a potion of invisibility for 112 gold pieces
 67919 | D:12     | Bought a book of the Dragon for 1080 gold pieces
 68026 | Depths:1 | Entered Level 1 of the Depths
 68290 | Depths:1 | Found Sogul's Gadget Emporium.
 68291 | Depths:1 | Found Holutu's Jewellery Shop.
 68293 | Depths:1 | Found Peonibef's Gadget Emporium.
 69091 | Depths:1 | Noticed a sphinx
 70190 | Depths:1 | Killed a sphinx
 71317 | Depths:1 | Found a gateway to Hell.
 71519 | Depths:1 | Paralysed by a great orb of eyes for 2 turns
 71812 | Depths:2 | Found Pogry's Armour Emporium.
 72284 | Depths:2 | Found a gateway to a ziggurat.
 72323 | Depths:2 | Noticed a golden dragon
 73858 | Depths:2 | Found a runed translucent door.
 74085 | Depths:3 | Noticed Boris
 74334 | Depths:2 | Noticed a juggernaut
 74551 | Depths:4 | Found a flickering gateway to a bazaar.
 74564 | Bazaar   | Entered a bazaar
 74571 | Bazaar   | Found Viedough's Book Emporium.
 74579 | Bazaar   | Found Yfohe's Antique Weapon Boutique.
 74620 | Bazaar   | Found Teotear's Weapon Shoppe.
 74628 | Bazaar   | Found Yninn's Food Shop.
 74679 | Bazaar   | Bought a book of Unlife for 650 gold pieces
 74685 | Bazaar   | Learned a level 5 spell: Borgnjor's Vile Clutch
 75073 | Depths:4 | Reached skill level 1 in Earth Magic
 75226 | Depths:4 | Killed from afar by a fire giant
 75227 | Depths:4 | Reached XP level 15. HP: -3/73 MP: 18/28
 75694 | Elf:1    | Entered Level 1 of the Elven Halls
 75797 | Elf:1    | Reached skill level 1 in Necromancy
 76366 | Elf:1    | Found Wiasiung's Antique Weapon Shoppe.
 77046 | Elf:1    | Reached XP level 16. HP: 76/77 MP: 12/29
 77324 | Elf:1    | Noticed a Brimstone Fiend
 77480 | Elf:1    | Reached skill level 15 in Dodging
 77702 | Elf:1    | Identified the Reference Book on Calling
 78114 | Elf:2    | Reached skill level 19 in Summonings
 78301 | Elf:2    | Noticed Opsifuid's ghost (journeyman BaBe)
 78307 | Elf:2    | Found a transporter.
 78551 | Elf:2    | Found a transporter.
 79564 | Elf:2    | Found a huge runed translucent gate.
 79564 | Elf:2    | Found a huge runed translucent gate.
 79564 | Elf:2    | Found a huge runed translucent gate.
 79564 | Elf:2    | Found a huge runed translucent gate.
 79566 | Elf:2    | Found a huge runed translucent gate.
 79752 | Elf:2    | Noticed a deep elf blademaster
 79767 | Elf:2    | Killed a deep elf blademaster
 81288 | Elf:2    | Noticed a shadow dragon
 81288 | Elf:2    | Noticed a quicksilver dragon
 81310 | Elf:3    | Entered Level 3 of the Elven Halls
 82120 | Elf:3    | Identified the +5 lajatang "Mics" {flame, *Noise rF+ rN+
                  | Dex+4}
 82468 | Elf:3    | Identified the ring "Pickorru" {rElec rC+++ rN+ Str-2
                  | Int-4}
 82967 | Elf:3    | HP: 1/78 [deep elf annihilator/bolt of lightning (40)]
 83180 | Vaults:1 | Entered Level 1 of the Vaults
 83962 | Vaults:1 | Reached XP level 17. HP: 81/81 MP: 9/32
 87393 | Vaults:2 | Noticed Margery
 87830 | Vaults:2 | Reached XP level 18. HP: 87/87 MP: 33/33
 88874 | Vaults:2 | Reached skill level 5 in Necromancy
 89064 | Vaults:2 | Learned a level 9 spell: Dragon's Call
 89351 | Vaults:2 | Killed Margery
 90256 | Vaults:3 | Noticed Frederick
 90499 | Vaults:3 | Noticed a tentacled monstrosity
 90525 | Vaults:2 | Killed a tentacled monstrosity
 90811 | Vaults:3 | Reached skill level 20 in Summonings
 91715 | Elf:3    | Identified the cursed +1 battleaxe of the Visionary {drain,
                  | MR+}
 92190 | Elf:3    | Reached XP level 19. HP: 91/91 MP: 4/34
 92341 | Elf:3    | Identified the ring "Biaw" {*Drain rElec rF+ Str+4}
 92389 | Elf:3    | Identified the +1 falchion of Evisceration {freeze, rElec
                  | MR+ Int+2 Dex-3}
 92803 | Elf:3    | Identified the ring of the Crown {+Inv EV+2 Dex+7 Slay-3}
 92849 | Elf:3    | Killed from afar by a deep elf sorcerer
 92850 | Elf:3    | Reached XP level 18. HP: -10/87 MP: 4/33
 93254 | Elf:3    | Lost mutation: Your magical capacity is low. (-10% MP)
                  | [potion of mutation]
 93254 | Elf:3    | Gained mutation: Your skin changes colour to match your
                  | surroundings (Stealth+). [potion of mutation]
 93254 | Elf:3    | Gained mutation: You are agile. (Dex +2) [potion of
                  | mutation]
 93294 | Elf:3    | Identified the +3 ring mail "Hacw" {rN+ Str-2 Stlth+}
 93496 | Elf:3    | Identified the +9 plate armour "Viggeuch" {rElec rCorr}
 94082 | Elf:3    | Found the +8 Wrath of Trog {antimagic, *Rage}
 94101 | Elf:3    | Identified the Catalogue of Icy Confrontation
 94814 | Depths:3 | Killed Boris
 94995 | Depths:3 | Killed a golden dragon
 94995 | Depths:3 | Reached skill level 21 in Summonings
 96252 | Depths:3 | Identified the +0 faerie dragon scales {rF+ rC- rCorr
                  | Str+3}
 96252 | Depths:3 | Noticed the Enchantress
 96273 | Depths:3 | Killed the Enchantress
 98996 | Depths:4 | Found a one-way gate to the infinite horrors of the Abyss.
 99198 | Depths:4 | Paralysed by a great orb of eyes for 6 turns
 99447 | Depths:4 | Reached XP level 19. HP: 91/91 MP: 4/38
100264 | Depths:4 | Reached skill level 15 in Spellcasting
100789 | Depths:4 | Noticed a caustic shrike
100789 | Depths:4 | Noticed a caustic shrike
100789 | Depths:4 | Noticed a caustic shrike
100790 | Depths:4 | Noticed a caustic shrike
100797 | Depths:4 | Killed a caustic shrike
100798 | Depths:4 | Killed a caustic shrike
100803 | Depths:4 | Killed a caustic shrike
100813 | Depths:4 | Killed a caustic shrike
101249 | Depths:5 | Entered Level 5 of the Depths
101641 | Depths:5 | Found Idumorph's Distillery.
101644 | Depths:5 | Found Ekyxedill's Food Emporium.
101650 | Depths:5 | Found Rauthrucw's Food Shoppe.
101652 | Depths:5 | Noticed Jory
101657 | Depths:5 | Bought a potion of heal wounds for 115 gold pieces
101686 | Depths:5 | Killed Jory
101686 | Depths:5 | Reached skill level 22 in Summonings
102454 | Depths:5 | Noticed Mennas
103825 | Vaults:3 | Found a staircase to the Crypt.
104164 | Vaults:3 | Killed Frederick
105276 | Vaults:3 | Noticed Sojobo
105283 | Vaults:3 | Killed Sojobo
105474 | Vaults:3 | Reached skill level 15 in Fighting
106430 | Vaults:3 | Found Sirujikk's Book Shoppe.
107093 | Vaults:3 | Reached XP level 20. HP: 92/97 MP: 15/40
108882 | Vaults:4 | Noticed Boris
108898 | Vaults:4 | Killed Boris
108960 | Vaults:4 | Identified the +1 war axe of the Poles {holy, Str+2}
111714 | Depths:5 | Noticed a golden dragon
111725 | Depths:5 | Killed a golden dragon
112111 | Depths:5 | Identified the ring of Gozag's Anger {rPois rF+ Dex+7}
113343 | Depths:5 | Cast into level 3 of the Abyss (a lich)
113376 | Abyss:3  | Found a corrupted altar of Lugonu.
113467 | Depths:5 | Escaped the Abyss
113778 | Depths:5 | Reached skill level 10 in Translocations
113850 | Depths:5 | Killed Mennas
115370 | Depths:5 | Reached XP level 21. HP: 101/101 MP: 5/42
116084 | Depths:5 | Learned a level 8 spell: Controlled Blink
116159 | Depths:5 | Found a gate to the Realm of Zot.
116261 | Depths:2 | Noticed a juggernaut
116586 | Depths:2 | Killed a juggernaut
116595 | Depths:2 | Found a runed translucent door.
117045 | Depths:2 | Killed a juggernaut
117059 | Depths:2 | Found a runed translucent door.
117073 | Depths:2 | Found a runed translucent door.
117342 | Depths:1 | Bought a +5 ring of protection for 1155 gold pieces
117558 | Depths:5 | Bought a potion of haste for 230 gold pieces
117558 | Depths:5 | Bought a potion of ambrosia for 184 gold pieces
117558 | Depths:5 | Bought a potion of curing for 69 gold pieces
117558 | Depths:5 | Bought a potion of brilliance for 92 gold pieces
117822 | Crypt:1  | Entered Level 1 of the Crypt
119746 | Crypt:2  | Noticed Boris
121313 | Crypt:2  | Killed Boris
122354 | Crypt:3  | Entered Level 3 of the Crypt
123639 | Crypt:3  | Reached skill level 15 in Translocations
123692 | Crypt:3  | Found a staircase to the Tomb.
123704 | Tomb:1   | Entered Level 1 of the Tomb of the Ancients
124940 | Crypt:3  | Identified the ring "Kissuofi" {rN+ MR+ Stlth+}
125144 | Crypt:3  | Found a basalt altar of Yredelemnul.
125144 | Crypt:3  | Noticed an ancient lich
125162 | Crypt:3  | Killed an ancient lich
125409 | Crypt:3  | Identified the ring "Utekhlusch" {rN+ Int+4}
125421 | Crypt:3  | Identified the ring of Mesahu {rN+ Slay+3}
126186 | Zig:1    | Entered Level 1 of a ziggurat
126388 | Zig:2    | Entered Level 2 of a ziggurat
126539 | Zig:3    | Entered Level 3 of a ziggurat
126573 | Zig:3    | Identified a scroll of acquirement
126582 | Zig:3    | Identified the Papyrus of Floating Cold (You acquired it on
                  | level 3 of a ziggurat)
126590 | Zig:4    | Entered Level 4 of a ziggurat
126594 | Zig:4    | Noticed a juggernaut
126605 | Zig:4    | Reached XP level 22. HP: 108/108 MP: 3/44
126613 | Zig:4    | Killed a juggernaut
126823 | Zig:5    | Entered Level 5 of a ziggurat
126862 | Zig:5    | Identified the Almanac of Flight
127077 | Zig:6    | Entered Level 6 of a ziggurat
127086 | Zig:6    | Identified the ring of Suahymog {rF- MR+ Int+7}
127112 | Zig:6    | Identified Sif Muna's Incunabulum of Feathery Orientation
127305 | Zig:7    | Entered Level 7 of a ziggurat
127311 | Zig:7    | Identified the ring of Dim Light {AC+3 Stlth+}
127342 | Zig:7    | Identified the Reference Book on Fetching Envenoming
127624 | Zig:8    | Entered Level 8 of a ziggurat
127875 | Zig:9    | Entered Level 9 of a ziggurat
128051 | Zig:9    | Reached XP level 23. HP: 112/112 MP: 38/45
128114 | Zig:10   | Entered Level 10 of a ziggurat
128127 | Zig:10   | Noticed an ancient lich
128367 | Depths:2 | Reached XP level 24. HP: 117/117 MP: 45/46
128377 | Depths:2 | Learned a level 7 spell: Malign Gateway
128381 | Depths:2 | Learned a level 3 spell: Regeneration
128559 | Vaults:5 | Entered Level 5 of the Vaults
128624 | Vaults:5 | Hit by a large rock thrown by a stone giant
128625 | Vaults:5 | Reached XP level 23. HP: -11/114 MP: 1/46
128692 | Vaults:5 | Identified the ring "Epeiforch" {rC+ rN+ Str+4 Int+2}
128729 | Vaults:5 | Slain by a tengu reaver
128730 | Vaults:5 | Reached XP level 22. HP: -1/109 MP: 3/45
128735 | Vaults:5 | Identified the Tome of the Assistive Oath
128761 | Vaults:5 | Noticed a golden dragon
130887 | Vaults:3 | Gained mutation: You occasionally shout uncontrollably at
                  | your foes. [mutagenic glow]
130930 | Vaults:3 | Gained mutation: You are dopey. (Int -2) [mutagenic glow]
131722 | Vaults:5 | Noticed a golden dragon
131727 | Vaults:5 | Slain by a vault guard

Skill      XL: |  1  2  3  4  5  6  7  8  9 10 11 12 13 14 15 16 17 18 19 20 21 22 23 |
---------------+----------------------------------------------------------------------+-----
Stealth        | 1 2 4 6 8 9 10 11 12 13 | 13.4
Unarmed Combat | 3 4 5 6 8 9 10 | 10.0
Hexes          | 3 5 6 7 |  7.0
Dodging        | 4 5 6 7 9 10 12 13 15 16 17 19 | 19.0
Spellcasting   | 3 4 5 6 7 8 10 11 13 14 15 16 17 18 | 18.0
Fighting       | 3 4 5 6 7 9 10 12 13 14 15 16 18 | 18.3
Charms         | 3 4 |  4.0
Translocations | 6 7 12 15 | 15.5
Evocations     | 1 2 3 |  3.2
Conjurations   | 1 |  1.2
Summonings     | 2 5 7 9 13 18 19 21 22 | 22.6
Earth Magic    | 3 1 |  3.6
Necromancy     | 1 3 4 5 |  5.5

Action                   |  1- 3 |  4- 6 |  7- 9 | 10-12 | 13-15 | 16-18 | 19-21 | 22-24 || total
-------------------------+-------+-------+-------+-------+-------+-------+-------+-------++-------
Melee: Unarmed           |   159 |   142 |   296 |   405 |   733 |   841 |   563 |    26 ||  3165
       Bite              |    13 |     8 |    24 |    29 |    87 |   105 |    95 |     3 ||   364
       Punch             |       |     1 |     7 |     9 |    34 |    36 |    34 |     2 ||   123
 Cast: Gell's Gravitas   |     1 |       |     1 |       |       |       |       |       ||     2
       Ensorcelled Hiber |       |    39 |    75 |   142 |    53 |       |       |       ||   309
       Blink             |       |     6 |     1 |    21 |    49 |    28 |    32 |     9 ||   146
       Confuse           |       |     1 |    35 |    51 |   254 |   228 |   126 |    15 ||   710
       Shroud of Golubri |       |       |     1 |     4 |    65 |    72 |    50 |    14 ||   206
       Dazzling Spray    |       |       |       |    54 |    62 |   149 |    62 |     3 ||   330
       Summon Mana Viper |       |       |       |    50 |   150 |   145 |    29 |       ||   374
       Summon Forest     |       |       |       |     8 |   106 |    76 |    38 |    10 ||   238
       Shadow Creatures  |       |       |       |       |   212 |   199 |   257 |    26 ||   694
       Invisibility      |       |       |       |       |    23 |    41 |    23 |     9 ||    96
       Borgnjor's Vile C |       |       |       |       |     3 |   169 |   268 |    27 ||   467
       Dragon's Call     |       |       |       |       |       |     2 |     7 |    11 ||    20
       Controlled Blink  |       |       |       |       |       |       |       |    12 ||    12
       Malign Gateway    |       |       |       |       |       |       |       |     4 ||     4
       Regeneration      |       |       |       |       |       |       |       |     1 ||     1
Invok: Curse Item        |       |       |     2 |     1 |     2 |     3 |     2 |       ||    10
       Scrying           |       |       |       |       |       |     4 |     1 |       ||     5
Evoke: Wand              |       |       |     3 |     1 |     8 |    18 |     8 |       ||    38
       Box of beasts     |       |       |       |     1 |       |     1 |       |       ||     2
       Lightning rod     |       |       |       |       |       |     1 |       |       ||     1
       Phantom mirror    |       |       |       |       |       |       |       |     1 ||     1
  Use: Scroll            |       |     8 |     1 |     6 |    23 |    16 |     4 |    16 ||    74
       Potion            |       |       |     2 |       |    16 |    14 |     7 |    24 ||    63
 Stab: Sleeping          |     9 |    28 |    65 |   147 |    96 |    52 |    39 |     1 ||   437
       Confused          |       |       |    23 |    30 |    98 |   106 |    80 |     6 ||   343
       Distracted        |       |       |     1 |     7 |    10 |    10 |    12 |     1 ||    41
       Invisible         |       |       |       |     8 |    27 |    80 |    36 |     1 ||   152
  Eat: Chunk             |     5 |    17 |    21 |    45 |   149 |   156 |    82 |    28 ||   503
       Ration            |       |       |       |       |    19 |    21 |    12 |     1 ||    53
Armor: Skin              |     4 |    10 |    12 |    10 |    24 |     9 |    13 |     7 ||    89
Dodge: Dodged            |   115 |   141 |   206 |   415 |  1003 |   948 |   611 |   148 ||  3587
Block: Other             |       |       |       |       |       |       |    12 |     8 ||    20
       Reflection        |       |       |       |       |       |       |       |     1 ||     1
